 Dungeon Crawl Stone Soup version 0.30.1-11-g7821555f0a (webtiles) character file.

Game seed: 3058231523185950014

53 PaiMei the Trooper (level 3, -2/33 HPs)
             Began as a Hill Orc Fighter on Jan 13, 2024.
             Slain by a gnoll
             ... wielding a +0 spear
              (4 damage)
             ... on level 2 of the Dungeon.
             The game lasted 00:01:08 (856 turns).

PaiMei the Trooper (Hill Orc Fighter)                Turns: 856, Time: 00:01:09

Health: -2/33      AC:  7    Str: 20    XL:     3   Next: 89%
Magic:  3/3        EV:  9    Int:  8    God:
Gold:   124        SH:  4    Dex: 10    Spells: 2/2 levels left

rFire   . . .        a - +0 war axe
rCold   . . .        c - +0 buckler
rNeg    . . .        b - +0 scale mail
rPois   .            (no helmet)
rElec   .            (no cloak)
rCorr   .            (no gloves)
SInv    .            (no boots)
Will    .....        (no amulet) Stlth
                     (no ring)
HPRegen 0.25/turn    (no ring)
MPRegen 0.08/turn

%: no passive effects
@: no status effects
A: no striking features
a: no special abilities


You were on level 2 of the Dungeon.
You visited 1 branch of the dungeon, and saw 2 of its levels.

You collected 124 gold pieces.

Inventory:

Hand Weapons
 a - a +0 war axe (weapon)
Armour
 b - a +0 scale mail (worn)
 c - a +0 buckler (worn)
Scrolls
 g - a scroll of immolation {unknown}
 i - a scroll of vulnerability {unknown}
 j - a scroll of identify {unknown}
 k - a scroll of enchant armour {unknown}
Potions
 d - a potion of might
 e - a potion of curing {unknown}
 f - a potion of invisibility {unknown}
 h - a potion of brilliance {unknown}
 l - a potion of cancellation {unknown}
 m - a potion of degeneration {unknown}
 n - a potion of lignification {unknown}


   Skills:
 + Level 4.2 Fighting
 + Level 3.5 Axes
 + Level 3.8 Armour
 + Level 3.8 Shields


You had 2 spell levels left.
You didn't know any spells.
Your spell library contained the following spells:

 Spells                   Type           Power      Damage    Failure   Level
 Inner Flame              Hex/Fire       0%         N/A       99%         3
 Yara's Violent Unravell  Hex/Tmut       0%         3d3       100%        5
 Enfeeble                 Hex            0%         N/A       100%        7


Dungeon Overview and Level Annotations

Branches:
Dungeon (2/15)

Altars:


Message History

You closely miss the gnoll.
The gnoll is heavily wounded.
You barely miss the rat. The rat barely misses you.
The gnoll hits you but does no damage. The gnoll barely misses you.
The rat bites you but does no damage. The gnoll closely misses you.
You block the gnoll's attack.
You hit the gnoll.
The gnoll is heavily wounded.
You barely miss the rat. The rat bites you.
The gnoll hits you with a +0 flail of protection!
* * * LOW HITPOINT WARNING * * *
The gnoll misses you.
You slash the gnoll!
You kill the gnoll!
You barely miss the rat. The rat barely misses you.
The gnoll hits you from afar with a +0 spear.
* * * LOW HITPOINT WARNING * * *
The gnoll hits you but does no damage.
Things that are here:
a +0 flail of protection; a +0 spear; a gnoll corpse You slash the gnoll!
The gnoll is almost dead.
You slash the rat!
You kill the rat!
The gnoll hits you with a +0 spear.
* * * LOW HITPOINT WARNING * * *
The gnoll misses you.
You barely miss the gnoll.
The gnoll is almost dead.
The gnoll barely misses you.
You closely miss the gnoll.
The gnoll is almost dead.
The gnoll barely misses you.
You barely miss the gnoll.
The gnoll is almost dead.
The gnoll barely misses you. The gnoll hits you but does no damage.
You closely miss the gnoll.
The gnoll is almost dead.
The gnoll hits you with a +0 spear.
You die...

#............# #.# #....
#.........#+## ..g.
#...#####.#.# #######.g.. .
#...#####.#.# #........# g.
#...##......#####.###..#.#
#...##.##.#.........#....#
#...'.............g.g....#
#...##.#######g##.g.g.......
######.# #@####(####.#.. #.#
#)# .... # #.# #.# .#.###
#.............?#
#########.##.#.# #.. #.. #..
#.## #.#


You could see a gnoll.

Vanquished Creatures
  3 gnolls (D:2)
  A worm (D:2)
  2 endoplasms
  A giant cockroach (D:1)
  3 goblins (D:1)
  2 hobgoblins (D:2)
  4 jackals (D:1)
  A kobold (D:1)
  2 ball pythons
  A rat (D:2)
20 creatures vanquished.

Notes
Turn   | Place    | Note
-------+----------+-------------------------------------------
     0 | D:1      | PaiMei the Hill Orc Fighter began the quest for the Orb.
     0 | D:1      | Reached XP level 1. HP: 19/19 MP: 1/1
   258 | D:1      | Reached XP level 2. HP: 27/27 MP: 2/2
   835 | D:2      | Reached skill level 4 in Fighting
   841 | D:2      | Reached XP level 3. HP: 33/33 MP: 3/3
   852 | D:2      | HP: 1/33 [gnoll/+0 spear (5)]
   856 | D:2      | Slain by a gnoll

Illustrated notes

Levels and vault maps discovered:
D:1:      minmay_arrival_five_plusses, layout_basic, minmay_stone_trees_medium
D:2:      layout_basic, serial_forest, infiniplex_forest_lined_3_way,
          infiniplex_forest_straight_3, infiniplex_forest_clump_long,
          infiniplex_forest_clump_small, infiniplex_forest_clump_tiny,
          serial_shops, shop

Skill      XL: |  1  2 |
---------------+-------+-----
Axes           | 3 |  3.5
Fighting       | 4 |  4.2
Armour         | |  3.8
Shields        | |  3.8

Action                     || total
---------------------------++-------
  Melee: War axe           ||    62
 Armour: Scale mail        ||    26
  Dodge: Dodged            ||    40
  Block: Buckler           ||    11
